 Dungeon Crawl Stone Soup version 0.24-a0-580-g6a6c3f8 (webtiles) character file.

Game seed: 15988477529332114134

33 BisonMan the Conjurer (level 3, -1/19 HPs)
             Began as a Deep Elf Conjurer on Aug 21, 2019.
             Slain by an adder (4 damage)
             ... on level 2 of the Dungeon.
             The game lasted 00:02:27 (1311 turns).

BisonMan the Conjurer (Deep Elf Conjurer)           Turns: 1311, Time: 00:02:27

Health: -1/19      AC:  3    Str:  5    XL:     3   Next: 12%
Magic:  1/9        EV: 13    Int: 20    God:
Gold:   92         SH:  0    Dex: 15    Spells: 2/8 levels left

rFire    . . .     SeeInvis .   (no weapon)
rCold    . . .     Gourm    .   (no shield)
rNeg     + . .     Faith    .   a - +1 robe
rPois    .         Spirit   .   (no helmet)
rElec    .         Reflect  .   (no cloak)
rCorr    .         Harm     .   (no gloves)
MR       .....                  (no boots)
Stlth    ++........             (no amulet)
HPRegen  0.06/turn              g - ring of positive energy
MPRegen  0.11/turn              (no ring)

@: lethally poisoned (-1 -> -9), hasted, very quick
A: no striking features
a: no special abilities


You were on level 2 of the Dungeon.
You were very hungry.

You visited 1 branch of the dungeon, and saw 2 of its levels.

You collected 92 gold pieces.

Inventory:

Armour
 a - a +1 robe (worn)
Jewellery
 g - a ring of positive energy (left hand)
 h - a cursed amulet of magic regeneration {unknown}
Scrolls
 d - a scroll of fog
Comestibles
 c - 2 rations


   Skills:
 + Level 2.4 Dodging
 + Level 2.4 Stealth
 * Level 3.2 Spellcasting
 * Level 5.4 Conjurations


You had 2 spell levels left.
You knew the following spells:

 Your Spells              Type           Power        Failure   Level  Hunger
a - Magic Dart            Conj           ###.         1%          1    None
b - Searing Ray           Conj           ###...       2%          2    ##.....
c - Dazzling Spray        Conj/Hex       ##....       14%         3    ###....

Your spell library contained the following spells:

 Spells                   Type           Power        Failure   Level  Hunger
 Iskenderun's Mystic Bla  Conj           ###.....     16%         4    ####...
 Force Lance              Conj/Tloc      ##......     41%         4    ####...
 Fulminant Prism          Conj/Hex       ##........   41%         4    ####...


Dungeon Overview and Level Annotations

Branches:
Dungeon (2/15)

Altars:


Message History

You feel aware of your surroundings.
You sensed 5 altars.
It was a scroll of magic mapping.
You feel sick. The adder bites you.
You are more poisoned.
The adder poisons you!
As you read the scroll labeled DADYPI YLIAXZA, it crumbles to dust.
It is a scroll of enchant weapon.
You aren't carrying any weapons that can be enchanted.
The adder closely misses you. The adder bites you.
The kobold hits you with a +0 whip.
As you read the scroll labeled YNUTULASUE, it crumbles to dust.
It is a scroll of enchant armour.
Your +0 robe glows green for a moment.
You feel sick. The adder barely misses you. The kobold misses you.
As you read the scroll labeled VUJAR UHENT, it crumbles to dust.
The scroll dissolves into smoke.
It was a scroll of fog.
You feel sick. The adder bites you.
* * * LOW HITPOINT WARNING * * *
The kobold closely misses you.
It was a potion of haste.
You feel yourself speed up. The adder bites you.
You die...

,,,,,,,,* *,,,* *...♣ *,,,* *,,,*
,,****,,***,,,♣♣♣P.P♣**,,,***,,,*
,,* *,,,,,,,,,.P...,,,,,,,,,,,,*
,,* *,,,,,,,,,....,,,,,,,,,,,,,*
*** ***,*,,***#†.****,********,*
*,**,* #.#* *,* *,* *,**,* #§##
*,* ******,*
*,**,*###SK####.###,,,,,,,
*,**,*#§§@#........,,,,,,, *
****,**,*#§##§########*****,* *
*,,,,**,*#.*#§# *,,,,* *
*,*****,*#,*#.# *,**** *
***,*****,**,*#.# *,**,,
***,,,,,,,,,,*,*#.# *,**,*
,,,,,,,,,,#..#.##.# *,**,*
***,*,*,,,#..#.##.# *,**,* *
*,*,*#,##..#.##.########**,**,*


You could see an adder and a kobold.

Vanquished Creatures
  A dart slug (D:1)
  3 orcs (D:2)
  6 bats
  2 giant cockroaches (D:1)
  3 jackals (D:2)
  4 kobolds
  A frilled lizard (D:1)
  4 goblins
  A rat (D:1)
25 creatures vanquished.

Notes
Turn   | Place    | Note
-------+----------+-------------------------------------------
     0 | D:1      | BisonMan the Deep Elf Conjurer began the quest for the Orb.
     0 | D:1      | Reached XP level 1. HP: 10/10 MP: 6/6
   249 | D:1      | Reached XP level 2. HP: 10/15 MP: 2/8
   452 | D:1      | Learned a level 2 spell: Searing Ray
   538 | D:1      | Reached skill level 5 in Conjurations
  1289 | D:2      | Reached XP level 3. HP: 19/19 MP: 7/9
  1294 | D:2      | Learned a level 3 spell: Dazzling Spray
  1311 | D:2      | Slain by an adder

Levels and vault maps discovered:
D:1:      zaba_arrival_water, layout_basic, minmay_misc_feat_secret_circle
D:2:      layout_loops_ring, chequers_temple_overflow_minitemple,
          kennysheep_boxes, uniq_sigmund

Skill      XL: |  1  2 |
---------------+-------+-----
Conjurations   | 5 |  5.4
Dodging        | |  2.4
Stealth        | |  2.4
Spellcasting   | |  3.2

Action                   || total
-------------------------++-------
 Cast: Magic Dart        ||    42
       Searing Ray       ||     3
  Use: Scroll            ||     4
       Potion            ||     1
Dodge: Dodged            ||     7

Table legend:
 A = Non-vault XP
 B = Vault XP
 C = Vault XP percentage of total XP
 D = Non-vault monster count
 E = Vault monster count
 F = Vault count percentage of total count
                 A         B        C        D         E       F
            +---------+---------+-------+---------+---------+-------
      Total |      48 |       0 |   0.0 |      25 |       0 |   0.0
            +---------+---------+-------+---------+---------+-------
        D:1 |      28 |       0 |   0.0 |      16 |       0 |   0.0
        D:2 |      20 |       0 |   0.0 |       9 |       0 |   0.0
            +---------+---------+-------+---------+---------+-------
